 Dungeon Crawl Stone Soup version 0.19.5 (webtiles) character file.

3122 BunnyWarlock the Spear-Bearer (level 9, -8/79 HPs)
             Began as a Hill Orc Fighter on Mar 27, 2017.
             Was a Priest of Okawaru.
             Mangled by a hornet (9 damage)
             ... on level 8 of the Dungeon.
             The game lasted 00:57:18 (7753 turns).

BunnyWarlock the Spear-Bearer (Hill Orc Fighter)    Turns: 7753, Time: 00:57:21

Health: -8/79      AC: 16    Str: 23    XL:     9   Next: 91%
Magic:  9/9        EV:  7    Int:  8    God:    Okawaru [***...]
Gold:   374        SH:  0    Dex:  9    Spells: 0 memorised, 8 levels left

rFire  + . .     SeeInvis .     A - +5 battleaxe
rCold  . . .     Gourm    .     e - +1 plate armour
rNeg   . . .     Faith    .     (shield currently unavailable)
rPois  .         Spirit   .     (no helmet)
rElec  .         Reflect  .     (no cloak)
rCorr  .         Harm     .     (no gloves)
MR     .....                    s - +0 pair of boots
Stlth  ..........               (no amulet)
                                o - ring of protection from fire
                                n - +1 ring of protection

@: lethally poisoned (-8 -> -8)
A: clumsy 1, strong 1
a: Heroism, Renounce Religion


You were on level 8 of the Dungeon.
You worshipped Okawaru.
Okawaru was most pleased with you.
You were not hungry.

You visited 2 branches of the dungeon, and saw 9 of its levels.

You collected 374 gold pieces.

Inventory:

Hand Weapons
 k - a +0 great sword
 A - a +5 battleaxe (weapon)
 C - a +2 dagger
 J - a +0 war axe
 N - a +3 hand axe of freezing
 P - a +0 hand axe of draining
 U - a +3 short sword
 Y - a +0 halberd
Missiles
 g - 302 stones
 M - 7 tomahawks (quivered)
Armour
 b - a +0 scale mail
 c - a +0 shield
 e - a +1 plate armour (worn)
 s - a +0 pair of boots (worn)
 F - a +0 buckler
Jewellery
 n - a +1 ring of protection (left hand)
 o - a ring of protection from fire (right hand)
 q - an uncursed ring of positive energy
 D - a +1 ring of evasion
 S - an uncursed ring of ice
 X - a cursed amulet of the gourmand {unknown}
Wands
 h - a wand of flame (0/48)
 L - a wand of flame (0/48)
 R - a wand of teleportation (0/9)
 V - a wand of slowing (28/48)
Scrolls
 j - a scroll of teleportation
 w - a scroll of torment {unknown}
 x - 3 scrolls of identify
 z - 2 scrolls of magic mapping
 T - a scroll of amnesia
 W - a scroll of enchant weapon {unknown}
Potions
 d - a potion of might
 i - 2 potions of cancellation
 p - a potion of curing
 r - 2 potions of lignification {unknown}
 v - a potion of haste {unknown}
 B - a potion of degeneration {unknown}
 G - a potion of agility {unknown}
 H - 2 potions of berserk rage {unknown}
 I - a potion of magic {unknown}
 K - a potion of resistance {unknown}
 O - a potion of cure mutation {unknown}
 Q - 2 potions of flight {unknown}
Comestibles
 f - 5 bread rations
 m - 4 meat rations
 t - a beef jerky
 E - a royal jelly


   Skills:
 + Level 7.5 Fighting
 + Level 4.6(7.9) Axes
 + Level 8.2(8.7) Polearms
 + Level 0.6 Throwing
 + Level 7.1 Armour
 - Level 0.7 Dodging
 + Level 1.0 Stealth
 + Level 8.1 Shields
 + Level 1.0 Invocations
 + Level 0.6 Evocations


You had 8 spell levels left.
You didn't know any spells.

Dungeon Overview and Level Annotations

Branches:
Dungeon (8/15)             Temple (1/1) D:4            Lair (0/6) D:8

Altars:
Ashenzari
Cheibriados
Dithmenos
Elyvilon
Fedhas
Gozag
Hepliaklqana
Nemelex Xobeh
Okawaru
Qazlal
Sif Muna
Trog
Uskayaw
Vehumet
Yredelemnul
Zin

Shops:
D:6 [


Innate Abilities, Weirdness & Mutations

You are clumsy. (Dex -2)
Your muscles are strong. (Str +2)


Message History

* * * LOW HITPOINT WARNING * * *
You feel sick. The hornet barely misses you.
The hornet stings you but does no damage.
* * * LOW HITPOINT WARNING * * *
You feel sick. The hornet barely misses you.
You feel yourself speed up.
* * * LOW HITPOINT WARNING * * *
You feel sick.
The hornet stings you but does no damage.
You miss the hornet.
The hornet is heavily wounded.
The hornet stings you but does no damage.
The hornet barely misses you.
You barely miss the hornet.
The hornet is heavily wounded.
* * * LOW HITPOINT WARNING * * *
You feel sick.
The hornet stings you but does no damage.
The hornet stings you!
You die...

.........**,*###.##+#### *,*
.........#*,,* #.#*,* *,*
.........#**,* #.#*,* *,*
..K......# *,**#.#*,* *,*
,,,,,,,,,* *,,*#.#*,* *,*
,,,,,,,,,* **,*#.#*,* *,*
,,,,,,,,,* *,*#.#*,* *,*
,,,,,,,,,* *,,#y#*,*******,*
,,,,,,,,,* **,#@#,,,,,,,,,,*
***+*********#...#***********
* *,*,,,,,,......# *
*,*,,,,........# *
*,*,,,,........#* *
*,*,,,,.........*
*,*,,,,.........**********
*,*,,,,.........>,,,,,,,,*
***,*,,,,,,,,,,,,*********,*


You could see a hornet.

Vanquished Creatures
  Grinder (D:4)
  A hippogriff (D:7)
  3 sky beasts
  A phantom (D:6)
  An orc warrior (D:5)
  3 ice beasts
  An ogre (D:7)
  2 centaurs (D:7)
  A big kobold (D:8)
  3 bullfrogs
  A gnoll sergeant (D:8)
  A scorpion (D:4)
  A water moccasin skeleton (D:7)
  8 wights
  4 killer bees (D:7)
  A howler monkey (D:5)
  3 crimson imps
  A bullfrog zombie (D:7)
  A jelly (D:5)
  A centaur zombie (D:8)
  2 hounds
  4 orc wizards
  A bullfrog skeleton (D:7)
  A centaur skeleton (D:8)
  An iron imp (D:5)
  2 iguanas
  3 worker ants
  4 gnolls (D:8)
  9 adders
  An ooze (D:4)
  An adder skeleton (D:7)
  2 dart slugs
  7 leopard geckos
  13 orcs
  2 ball pythons
  4 giant cockroaches
  8 hobgoblins
  6 jackals
  3 quokkas
  7 bats
  4 frilled lizards
  6 goblins
  7 kobolds
  A quokka zombie (D:6)
  5 rats
  A spectral orc (D:3)
144 creatures vanquished.

Notes
Turn   | Place    | Note
-------+----------+-------------------------------------------
     0 | D:1      | BunnyWarlock the Hill Orc Fighter began the quest for the Orb.
     0 | D:1      | Reached XP level 1. HP: 19/19 MP: 1/1
   226 | D:1      | Reached XP level 2. HP: 22/27 MP: 2/2
   945 | D:2      | Reached XP level 3. HP: 32/33 MP: 3/3
  1267 | D:2      | Reached XP level 4. HP: 38/40 MP: 4/4
  1773 | D:3      | Found a basalt altar of Yredelemnul.
  1827 | D:3      | Found a shadowy altar of Dithmenos.
  2316 | D:4      | Reached XP level 5. HP: 37/47 MP: 5/5
  2561 | D:4      | Found a shattered altar of Ashenzari.
  2668 | D:4      | Noticed Grinder
  2696 | D:4      | Killed Grinder
  2696 | D:4      | Reached skill level 5 in Shields
  2696 | D:4      | Reached XP level 6. HP: 23/53 MP: 6/6
  2921 | D:4      | Found a staircase to the Ecumenical Temple.
  2953 | Temple   | Entered the Ecumenical Temple
  3033 | Temple   | Became a worshipper of Warmaster Okawaru
  3087 | D:4      | Found a blossoming altar of Fedhas.
  3300 | D:5      | Entered Level 5 of the Dungeon
  3394 | D:5      | Found a radiant altar of Vehumet.
  3482 | D:5      | Reached XP level 7. HP: 60/60 MP: 7/7
  3529 | D:5      | Reached skill level 5 in Polearms
  3569 | D:5      | Found a snail-covered altar of Cheibriados.
  3779 | D:5      | Found a stormy altar of Qazlal.
  3850 | D:5      | Reached skill level 5 in Armour
  4169 | D:6      | Found Gehuon's Armour Shop.
  4250 | D:6      | Reached skill level 5 in Fighting
  4334 | D:6      | Found a radiant altar of Vehumet.
  4399 | D:6      | Reached * piety under Okawaru
  4411 | D:6      | Found a sparkling altar of Nemelex Xobeh.
  4759 | D:6      | Reached XP level 8. HP: 62/68 MP: 8/8
  5197 | D:7      | Gained mutation: You are clumsy. (Dex -2) [mutagenic meat]
  5559 | D:7      | Reached ** piety under Okawaru
  5905 | D:7      | Noticed a hippogriff
  5917 | D:7      | Killed a hippogriff
  5917 | D:7      | Reached XP level 9. HP: 56/78 MP: 6/9
  6172 | D:7      | Gained mutation: Your muscles are strong. (Str +2) [mutagenic meat]
  6841 | D:7      | Reached skill level 1 in Axes
  7220 | D:8      | Reached skill level 1 in Stealth
  7242 | D:8      | Reached skill level 1 in Invocations
  7418 | D:8      | Reached *** piety under Okawaru
  7702 | D:8      | Noticed a hornet
  7718 | D:8      | HP: 3/79 [poisoned by a hornet]
  7748 | D:8      | HP: 3/79 [hornet (1)]
  7751 | D:8      | HP: 1/79 [poisoned by a hornet]
  7753 | D:8      | Mangled by a hornet

Skill      XL: |  1  2  3  4  5  6  7  8  9 |
---------------+----------------------------+-----
Shields        | 4 5 6 7 8 |  8.1
Polearms       | 3 4 5 7 8 |  8.2
Fighting       | 4 5 6 7 |  7.5
Armour         | 4 5 6 7 |  7.1
Axes           | 4 |  4.6
Stealth        | 1 |  1.0
Invocations    | 1 |  1.0
Throwing       | |  0.6
Dodging        | |  0.7
Evocations     | |  0.6

Action                   |  1- 3 |  4- 6 |  7- 9 || total
-------------------------+-------+-------+-------++-------
Melee: Trident           |   132 |   185 |   417 ||   734
       Battleaxe         |       |       |    94 ||    94
Throw: Stone             |     4 |     1 |       ||     5
       Tomahawk          |       |       |     9 ||     9
Invok: Heroism           |       |       |     6 ||     6
Evoke: Wand              |       |     3 |     6 ||     9
  Use: Scroll            |     2 |     6 |    10 ||    18
       Potion            |       |       |     6 ||     6
  Eat: Chunk             |     1 |     2 |     7 ||    10
       Bread ration      |       |     1 |     1 ||     2
       Pizza             |       |     1 |       ||     1
       Meat ration       |       |       |     1 ||     1
Armor: Scale mail        |    60 |     5 |       ||    65
       Plate armour      |       |   138 |   328 ||   466
Dodge: Dodged            |    48 |    18 |   167 ||   233
Block: Shield            |    63 |   100 |   206 ||   369
